 Dungeon Crawl Stone Soup version 0.28-a0-43-g560ac104fe (webtiles) character file.

Game seed: 2627248085070867857

156 sanka the Caller (level 5, 0/37 HPs)
             Began as a Human Summoner on July 28, 2021.
             Was an Initiate of Ashenzari.
             Slain by an orc (15 damage)
             ... on level 4 of the Dungeon.
             The game lasted 00:08:37 (4243 turns).

sanka the Caller (Human Summoner)                   Turns: 4243, Time: 00:08:37

Health: 0/37       AC:  3    Str:  8    XL:     5   Next: 65%
Magic:  3/8        EV:  9    Int: 16    God:    Ashenzari [......]
Gold:   128        SH:  0    Dex: 14    Spells: 2/8 levels left

rFire   . . .      SeeInvis .   i - +3 flail
rCold   . . .      Faith    +   (no shield)
rNeg    . . .      Spirit   .   a - +0 robe
rPois   .          Reflect  .   (no helmet)
rElec   .          Harm     .   (no cloak)
rCorr   .          Rampage  .   d - +0 pair of gloves
Will    .....                   (no boots)
Stlth   ++........              f - amulet of the Prophetic Yoke {Faith, Comp, Elem} (curse)
HPRegen 0.12/turn               (no ring)
MPRegen 0.11/turn               (no ring)

@: constricted
A: no striking features
a: Renounce Religion, Shatter the Chains


You were on level 4 of the Dungeon.
You worshipped Ashenzari.
Ashenzari was noncommittal.
You visited 1 branch of the dungeon, and saw 4 of its levels.

You collected 128 gold pieces.


   Skills:
 + Level 1.4 Fighting
 + Level 2.6 Dodging
 - Level 2.0 Stealth
 - Level 2.0 Spellcasting
 - Level 6.0(6.5) Summonings


You had 2 spell levels left.
You knew the following spells:

 Your Spells              Type           Power      Damage    Failure   Level
c - Call Canine Familiar  Summ           22%        N/A       4%          3
x - Summon Small Mammal   Summ           88%        N/A       1%          1
z - Call Imp              Summ           22%        N/A       2%          2

Your spell library contained the following spells:

 Spells                   Type           Power      Damage    Failure   Level
 Magic Dart               Conj           4%         1d3       21%         1
 Static Discharge         Conj/Air       1%         N/A       30%         2
 Summon Guardian Golem    Hex/Summ       12%        N/A       16%         3
 Summon Lightning Spire   Summ/Air       12%        N/A       47%         4
 Mephitic Cloud           Conj/Pois/Air  1%         N/A       52%         3
 Animate Dead             Necr           0%         N/A       90%         4
 Dispel Undead            Necr           1%         3d6       90%         4
 Sticky Flame             Conj/Fire      1%         2d3       90%         4
 Haunt                    Necr/Summ      6%         N/A       100%        7
 Infestation              Necr           0%         N/A       100%        8

Inventory:

Hand Weapons
 i - a +3 flail (weapon)
Armour
 a - a +0 robe (worn)
 d - a +0 pair of gloves (worn)
Jewellery
 f - the cursed amulet of the Prophetic Yoke (around neck) {Faith, Comp, Elem}

   [amulet of faith]

   It allows you to gain divine favour quickly.
   It has a curse which improves the following skills: Companions: Summonings
   and Necromancy.
   Elements:  Fire Magic, Ice Magic, Air Magic and Earth Magic.
Scrolls
 j - a scroll of enchant weapon
Potions
 b - a potion of berserk rage {!q}
 c - a potion of curing {@q1}
 e - 2 potions of flight
 g - a potion of ambrosia
 h - 2 potions of cancellation
 k - a potion of brilliance
 l - a potion of heal wounds {@q2}

Dungeon Overview and Level Annotations

Branches:
Dungeon (4/15)
 Temple: D:4-7

Altars:
Ashenzari
Kikubaaqudgha

.......
▒.....▒▒
▒▒......▒▒ .
▒..<.....▒ ..
▒........▒
▒£▒.▒..o.....▒
..5...oSo..▒
.....)op#.▒
.....5..>...▒
........▒▒▒....
....)...▒ ▒..
........▒ .
........▒
.......▒▒
......▒


You could see 4 orcs, a ball python (ally target), a friendly crimson imp
(summoned) and a friendly shadow imp (summoned).


Message History

The orc dies!
The orc hits you with a +0 mace. The ball python closely misses you.
The ball python constricts you.
Your crimson imp misses the ball python.
The orc hits you but does no damage.
Your shadow imp hits the orc.
The orc closely misses you.
Unknown command.
You hit the orc but do no damage.
The orc is severely wounded.
The orc hits you with a +0 mace.
The ball python bites you but does no damage.
* * * LOW HITPOINT WARNING * * *
The ball python constricts you.
Your crimson imp closely misses the ball python.
The orc barely misses you. The orc hits you with a +0 club.
* * * LOW HITPOINT WARNING * * *
Your shadow imp hits the orc.
The orc closely misses you. The ball python barely misses you.
The ball python constricts you.
Unknown command.
Unknown command.
You hit the orc but do no damage.
The orc is almost dead.
The orc hits you but does no damage.
You are electrocuted!
You die...

Action                   |  1- 3 |  4- 6 || total
-------------------------+-------+-------++-------
Melee: Unarmed           |    38 |       ||    38
       Short sword       |    60 |     4 ||    64
       Flail             |       |    28 ||    28
 Cast: Summon Small Mamm |    20 |       ||    20
       Call Imp          |    12 |    28 ||    40
Invok: Curse Item        |       |     1 ||     1
 Stab: Distracted        |     1 |       ||     1
       Sleeping          |     2 |     1 ||     3
Armor: Robe              |    24 |    11 ||    35
Dodge: Dodged            |    60 |    31 ||    91

Levels and vault maps discovered:
D:1:      minmay_arrival_open_corners, layout_basic,
          chequers_serial_rivers_room_b
D:2:      layout_basic, kennysheep_flooded_box, bh_walls_and_bars
D:3:      layout_loops_ring, chequers_temple_overflow_statue_of_worship,
          shapermc_ecumenical_altar_hornbeckon, grunt_ministairs_2, minivault_4
D:4:      layout_rooms, uniq_crazy_yiuf_cottage

Notes
Turn   | Place    | Note
-------+----------+-------------------------------------------
     0 | D:1      | sanka the Human Summoner began the quest for the Orb.
     0 | D:1      | Reached XP level 1. HP: 13/13 MP: 3/3
   648 | D:1      | Reached XP level 2. HP: 17/19 MP: 0/5
   892 | D:1      | Learned a level 2 spell: Call Imp
  1439 | D:2      | Reached XP level 3. HP: 24/24 MP: 1/6
  1701 | D:2      | Learned a level 3 spell: Call Canine Familiar
  1823 | D:2      | Reached skill level 5 in Summonings
  2190 | D:2      | Found a broken altar of Ashenzari.
  2203 | D:2      | Became a worshipper of Ashenzari the Shackled
  2425 | D:2      | Reached XP level 4. HP: 29/30 MP: 7/7
  2746 | D:3      | Found an ancient bone altar of Kikubaaqudgha.
  2747 | D:3      | Found a broken altar of Ashenzari.
  3465 | D:3      | Found a faded altar of an unknown god.
  3567 | D:3      | Noticed a water moccasin
  3972 | D:3      | Killed a water moccasin
  3973 | D:3      | Reached skill level 6 in Summonings
  3973 | D:3      | Reached skill level 1 in Fighting
  3973 | D:3      | Reached XP level 5. HP: 28/37 MP: 1/8
  4243 | D:4      | Slain by an orc

Vanquished Creatures
  A water moccasin (D:3)
  An adder (D:3)
  A worm (D:3)
  2 dart slugs
  An orc (D:4)
  A ball python (D:2)
  6 endoplasms
  2 goblins
  A hobgoblin (D:3)
  A quokka (D:2)
  3 frilled lizards (D:2)
  3 kobolds
  7 rats
30 creatures vanquished.

Vanquished Creatures (collateral kills)
  3 gnolls (D:3)
  3 adders
  2 worms (D:2)
  2 dart slugs (D:1)
  An orc (D:4)
  A bat (D:3)
  4 endoplasms
  A giant cockroach (D:1)
  3 goblins
  A hobgoblin (D:3)
  A kobold (D:1)
  3 ball pythons
  2 frilled lizards (D:1)
  2 rats (D:1)
29 creatures vanquished.

Vanquished Creatures (others)
  2 fungi (D:3)
  8 plants (D:3)
10 creatures vanquished.

Grand Total: 69 creatures vanquished
